 Dungeon Crawl Stone Soup version 0.29-a0-322-g68df515428 (webtiles) character file.

Game seed: 14804538412159037218

144 sammy202020 the Skirmisher (level 5, -2/42 HPs)
             Began as a Demonspawn Berserker on Apr 5, 2022.
             Was a Believer of Trog.
             Slain by a gnoll
             ... wielding a +0 halberd
              (17 damage)
             ... on level 2 of the Dungeon.
             The game lasted 00:02:25 (1100 turns).

sammy202020 the Skirmisher (Demonspawn Berserker)   Turns: 1100, Time: 00:02:25

Health: -2/42      AC:  7    Str: 17    XL:     5   Next: 5%
Magic:  5/5        EV: 10    Int: 10    God:    Trog [**....]
Gold:   120        SH:  8    Dex: 13    Spells: 4/4 levels left

rFire   . . .      SeeInvis .   a - +0 hand axe
rCold   . . .      Faith    .   (no shield)
rNeg    . . .      Spirit   .   h - +0 scale mail
rPois   .          Reflect  .   (no helmet)
rElec   .          Harm     .   c - +0 cloak
rCorr   .          Rampage  .   (no gloves)
Will    .....                   (no boots)
Stlth   ..........              (no amulet)
HPRegen 0.14/turn               (no ring)
MPRegen 0.09/turn               (no ring)

@: no status effects
A: large bone plates 1, foul stench 1, condensation shield, weakness stinger 1
a: Renounce Religion, Berserk, Trog's Hand


You were on level 2 of the Dungeon.
You worshipped Trog.
Trog was pleased with you.
You visited 1 branch of the dungeon, and saw 2 of its levels.

You collected 120 gold pieces.

Inventory:

Hand Weapons
 a - a +0 hand axe (weapon)
Missiles
 b - 4 datura-tipped darts (quivered)
Armour
 c - a +0 cloak (worn)
 h - a +0 scale mail (worn)
Scrolls
 d - a scroll of identify
 e - a scroll of fear {unknown}
 g - a scroll of blinking


   Skills:
 * Level 4.3 Fighting
 * Level 3.9 Axes
 + Level 2.6 Armour
 - Level 1.7 Dodging


You had 4 spell levels left.
You didn't know any spells.
Your spell library was empty.

Dungeon Overview and Level Annotations

Branches:
Dungeon (2/15)

Altars:


Innate Abilities, Weirdness & Mutations

You are partially covered in large bone plates. (SH +4)
You may rarely emit foul miasma when damaged in melee.
A meltable shield of frost defends you. (SH +4)
You have a small tail.


Message History

You recover from your berserk rage.
A gnoll comes into view. It is wielding a +0 halberd.
The gnoll shouts!
A gnoll is nearby!
Throw: 5 darts (datura)
Press: ? - help, Q - select action, (/) - cycle Shift-Dir - straight line, f - gnoll
Aim: a gnoll, wielding a +0 halberd (63% to hit, chance to frenzy on hit: 100%)
You throw a datura-tipped dart. The datura-tipped dart hits the gnoll.
The gnoll flies into a frenzy!
The gnoll barely misses something.
You hear a shout!
A gnoll comes into view. It is wielding a +0 spear.
The gnoll barely misses the gnoll.
The gnoll closely misses the gnoll.
A gnoll comes into view. It is wielding a +0 halberd of venom.
The gnoll shouts!
You hear an angry hiss.
The gnoll hits the gnoll with a +0 halberd!
The gnoll dies!
Trog accepts your kill.
The gnoll hits the gnoll with a +0 halberd!!
The gnoll dies!
Trog accepts your kill.
You have reached level 5!
Your demonic ancestry asserts itself...
You begin to emit a foul stench of rot and decay.
The gnoll hits you from afar with a +0 halberd!
The gnoll barely misses you. The gnoll barely misses you.
An adder comes into view.
The adder hisses angrily.
The gnoll hits you with a +0 halberd!! The gnoll closely misses you.
You hit the gnoll.
The gnoll is heavily wounded.
The gnoll hits you with a +0 halberd!
You die...

#.#...(..
#.#
#..†..###
..# #..####
#S# ##..#
#.#
##...#####
#)#
#........#
#.#
#..#.###.#
#g# #.#..#
#(# #@##
#.##.# #.#
#..#
#.##.###.##
##.#
#..........
#.#
#.##.###.##
#.# #.##.#
#.# #.# #.
... #.# #.#
..#. ..#
#.# ##.
.#### #.#
## ##


You could see an adder and a neutral gnoll (fast, strong, insane).

Vanquished Creatures
  An ogre (D:2)
  An adder (D:2)
  A dart slug (D:1)
  2 giant cockroaches
  2 goblins (D:1)
  2 hobgoblins
  5 quokkas
  4 ball pythons
  7 bats
  2 frilled lizards (D:1)
  A kobold (D:1)
  3 rats
31 creatures vanquished.

Vanquished Creatures (collateral kills)
  2 gnolls (D:2)
2 creatures vanquished.

Grand Total: 33 creatures vanquished

Notes
Turn   | Place    | Note
-------+----------+-------------------------------------------
     0 | D:1      | sammy202020 the Demonspawn Berserker began the quest for
                  | the Orb.
     0 | D:1      | Reached XP level 1. HP: 18/18 MP: 1/1
   201 | D:1      | Gained mutation: You are partially covered in large bone
                  | plates. (SH +4) [demonic ancestry]
   201 | D:1      | Reached XP level 2. HP: 22/24 MP: 2/2
   673 | D:2      | Found a faded altar of an unknown god.
   679 | D:2      | Gained mutation: A meltable shield of frost defends you.
                  | (SH +4) [demonic ancestry]
   679 | D:2      | Reached XP level 3. HP: 29/29 MP: 3/3
   689 | D:2      | Reached ** piety under Trog
   947 | D:2      | Noticed an ogre
   955 | D:2      | Killed an ogre
   956 | D:2      | Reached skill level 4 in Fighting
   956 | D:2      | Gained mutation: You have a small tail. [demonic ancestry]
   956 | D:2      | Reached XP level 4. HP: 34/37 MP: 4/4
  1096 | D:2      | Gained mutation: You may rarely emit foul miasma when
                  | damaged in melee. [demonic ancestry]
  1096 | D:2      | Reached XP level 5. HP: 42/42 MP: 5/5
  1100 | D:2      | Slain by a gnoll

Illustrated notes

Levels and vault maps discovered:
D:1:      dpeg_arrival_windows_large_door, layout_basic, minmay_tromino_v2
D:2:      layout_loops_ring, ebering_ecumenical_altar_abandoned, st_stairs_3

Skill      XL: |  1  2  3 |
---------------+----------+-----
Armour         | 2 |  2.6
Axes           | 3 |  3.9
Fighting       | 4 |  4.3
Dodging        | |  1.7

Action                   |  1- 3 |  4- 6 || total
-------------------------+-------+-------++-------
Melee: Hand axe          |    79 |     1 ||    80
Throw: Dart              |     1 |     1 ||     2
Invok: Berserk           |     1 |       ||     1
  Use: Scroll            |     3 |       ||     3
Armor: Ring mail         |    24 |       ||    24
       Scale mail        |    18 |       ||    18
Dodge: Dodged            |    43 |     3 ||    46
Block: Other             |    18 |       ||    18

Table legend: (Time is in decaauts)
 A = Elapsed time spent in this place.
 B = Non-inter-level travel time spent in this place.
 C = Inter-level travel time spent in this place.
 D = Time resting spent in this place.
 E = Time spent auto-exploring this place.
 F = Levels seen in this place.
 G = Mean time per level.
                   A        B        C        D        E       F      G
               +--------+--------+--------+--------+--------+-----+--------+
         Total |   1123 |   1114 |      9 |      0 |    839 |   2 |  561.5 |
       Dungeon |   1123 |   1114 |      9 |      0 |    839 |   2 |  561.5 |
               +--------+--------+--------+--------+--------+-----+--------+

Top non-repeatable levels by time:
     D:1: 680 daAuts
     D:2: 443 daAuts
